TOP OF THE 1ST |
Purdue Boilermakers batting - Pitching for Virginia Tech Hokies : RHP Gary Thompson
|
Pitching: RHP Gary Thompson
|
|
Batting: RHB Aaron Baker
|
0-0: Ball 1-0: Called Strike 1-1: Foul Ball, location: 2F 1-2: Foul Ball, location: 2F 1-2: SINGLE (Groundball, 34S) (infield hit)
|
Batting: RHB Mark Jordan
|
0-0: Called Strike Aaron Baker steals 2nd base 0-1: Fly out, F9 (Flyball, 89D) Runner from 2nd tags up, SAFE at 3rd, no throw
|
Batting: SHB Bryan Atkins
|
0-0: Ball 1-0: Swinging Strike 1-1: Ball 2-1: Fly out, F6 (Popup, 6MD)
|
Batting: RHB Reggie Calhoun
|
0-0: Ball 1-0: Swinging Strike 1-1: Foul Ball, location: 2F 1-2: Ball 2-2: Foul Ball, location: 2F 2-2: Ball 3-2: Ground out 6-3 (Groundball, 6S)
|
Top of the 1st over - 0 runs, 1 hit, 0 errors, 1 left on base; Purdue 0 - Virginia Tech 0 |
BOTTOM OF THE 1ST |
Virginia Tech Hokies batting - Pitching for Purdue Boilermakers : RHP Jack Bowers
|
Pitching: RHP Jack Bowers
|
|
Batting: RHB Octávio Ramérez
|
0-0: Called Strike 0-1: Ball 1-1: Ball 2-1: Fly out, F8 (Line Drive, 8LD)
|
Batting: SHB Daniel Lee
|
0-0: Called Strike 0-1: Swinging Strike 0-2: Ball 1-2: Ball 2-2: Strikes out looking
|
Batting: RHB Eric Clay
|
0-0: Called Strike Error on foul ball, E5 0-2: Foul Ball, location: 2F 0-2: Ball 1-2: Reached on error, E4 (Groundball, 4)
|
Batting: LHB David Ortega
|
0-0: Ball 1-0: Fly out, F5 (Popup, P)
|
Bottom of the 1st over - 0 runs, 0 hits, 2 errors, 1 left on base; Purdue 0 - Virginia Tech 0 |
TOP OF THE 2ND |
Purdue Boilermakers batting - Pitching for Virginia Tech Hokies : RHP Gary Thompson
|
Batting: RHB Ryan Carpenter
|
0-0: Called Strike 0-1: Ball 1-1: Called Strike 1-2: Strikes out swinging
|
Batting: LHB Danny Powell
|
0-0: Called Strike 0-1: Swinging Strike 0-2: Foul Ball, location: 2F 0-2: Ball 1-2: Foul Ball, location: 2F 1-2: Strikes out swinging
|
Batting: SHB Guy Chávez
|
0-0: Ball 1-0: Foul Ball, location: 2F 1-1: Ground out 6-3 (Groundball, 6)
|
Top of the 2nd over - 0 runs, 0 hits, 0 errors, 0 left on base; Purdue 0 - Virginia Tech 0 |
BOTTOM OF THE 2ND |
Virginia Tech Hokies batting - Pitching for Purdue Boilermakers : RHP Jack Bowers
|
Batting: RHB Dusty Green
|
0-0: Called Strike 0-1: Ball 1-1: Swinging Strike 1-2: Strikes out swinging
|
Batting: LHB Ben Webb
|
0-0: Ball 1-0: Ball 2-0: Ball 3-0: Base on Balls
|
Batting: RHB Ted Stout
|
0-0: Fly out, F7 (Flyball, 78M)
|
Batting: RHB Luke McCallum
|
0-0: Swinging Strike 0-1: Ball 1-1: Ball 2-1: Ball 3-1: Swinging Strike 3-2: Base on Balls Ben Webb to second
|
Batting: RHB Tim Wise
|
0-0: Ball 1-0: Called Strike 1-1: Called Strike 1-2: Strikes out looking
|
Bottom of the 2nd over - 0 runs, 0 hits, 0 errors, 2 left on base; Purdue 0 - Virginia Tech 0 |
TOP OF THE 3RD |
Purdue Boilermakers batting - Pitching for Virginia Tech Hokies : RHP Gary Thompson
|
Batting: RHB Dan Osborne
|
0-0: Ball 1-0: Fly out, F6 (Line Drive, 6)
|
Batting: LHB Bryan King
|
0-0: Fly out, F7 (Line Drive, 7D)
|
Batting: RHB Aaron Baker
|
0-0: Foul Ball, location: 2F 0-1: Ball 1-1: Foul Ball, location: 2F 1-2: Strikes out swinging
|
Top of the 3rd over - 0 runs, 0 hits, 0 errors, 0 left on base; Purdue 0 - Virginia Tech 0 |
BOTTOM OF THE 3RD |
Virginia Tech Hokies batting - Pitching for Purdue Boilermakers : RHP Jack Bowers
|
Batting: RHB Octávio Ramérez
|
0-0: Called Strike 0-1: Ball 1-1: Reached on error, E5 (Groundball, 56)
|
Batting: SHB Daniel Lee
|
0-0: Called Strike 0-1: Called Strike 0-2: Ball 1-2: Foul Ball, location: 2F 1-2: Ball 2-2: Foul Ball, location: 2F 2-2: Foul Ball, location: 2F 2-2: Foul Ball, location: 2F 2-2: Foul Ball, location: 2F 2-2: Fly out, F9 (Flyball, 89M) Runner from 2nd tags up, SAFE at 3rd with throw
|
Batting: RHB Eric Clay
|
0-0: Ball 1-0: Called Strike 1-1: Ball 2-1: Swinging Strike 2-2: Ball 3-2: Fly out, F2 (Popup, 2LF)
|
Batting: LHB David Ortega
|
0-0: Swinging Strike 0-1: SINGLE (Line Drive, 6) Octávio Ramérez scores
|
Batting: RHB Dusty Green
|
0-0: Fielders Choice at 2nd, 6-4 (Groundball, 6)
|
Bottom of the 3rd over - 1 run, 1 hit, 1 error, 1 left on base; Purdue 0 - Virginia Tech 1 |
TOP OF THE 4TH |
Purdue Boilermakers batting - Pitching for Virginia Tech Hokies : RHP Gary Thompson
|
Batting: RHB Mark Jordan
|
0-0: Called Strike 0-1: Ball 1-1: Foul Ball, location: 2F 1-2: Strikes out swinging
|
Batting: SHB Bryan Atkins
|
0-0: Hit by Pitch
|
Batting: RHB Reggie Calhoun
|
0-0: Ball 1-0: Ball 2-0: Ball 3-0: Base on Balls Bryan Atkins to second
|
Batting: RHB Ryan Carpenter
|
0-0: Reached via error on a dropped throw, E6 Bryan Atkins to third Reggie Calhoun to second
|
Batting: LHB Danny Powell
|
0-0: Called Strike 0-1: Called Strike 0-2: Foul Ball, location: 2F 0-2: Strikes out swinging
|
Batting: SHB Guy Chávez
|
0-0: Ball 1-0: Foul Ball, location: 2F 1-1: Called Strike 1-2: Foul Ball, location: 2F 1-2: Foul Ball, location: 2F 1-2: Ball 2-2: Foul Ball, location: 2F 2-2: Foul Ball, location: 2F 2-2: Strikes out looking
|
Top of the 4th over - 0 runs, 0 hits, 1 error, 3 left on base; Purdue 0 - Virginia Tech 1 |
BOTTOM OF THE 4TH |
Virginia Tech Hokies batting - Pitching for Purdue Boilermakers : RHP Jack Bowers
|
Batting: LHB Ben Webb
|
0-0: Swinging Strike 0-1: Ball 1-1: Foul Ball, location: 2F 1-2: Strikes out swinging
|
Batting: RHB Ted Stout
|
0-0: Ball 1-0: Ball 2-0: Called Strike 2-1: Called Strike 2-2: SINGLE (Groundball, 6MD)
|
Batting: RHB Luke McCallum
|
0-0: Called Strike 0-1: Ball 1-1: Foul Ball, location: 2F 1-2: Ball 2-2: Strikes out swinging
|
Batting: RHB Tim Wise
|
0-0: Called Strike 0-1: SINGLE (Flyball, 7LS) Ted Stout to second
|
Batting: RHB Octávio Ramérez
|
0-0: Called Strike 0-1: Ball 1-1: Swinging Strike 1-2: Strikes out swinging
|
Bottom of the 4th over - 0 runs, 2 hits, 0 errors, 2 left on base; Purdue 0 - Virginia Tech 1 |
TOP OF THE 5TH |
Purdue Boilermakers batting - Pitching for Virginia Tech Hokies : RHP Gary Thompson
|
Batting: RHB Dan Osborne
|
0-0: Swinging Strike 0-1: Ball 1-1: Swinging Strike 1-2: Strikes out swinging
|
Batting: LHB Bryan King
|
0-0: Swinging Strike 0-1: SINGLE (Groundball, 6D)
|
Batting: RHB Aaron Baker
|
0-0: Ball 1-0: Ball 2-0: Called Strike 2-1: Ground out U3 (Groundball, 34) Bryan King to second
|
Batting: RHB Mark Jordan
|
0-0: Called Strike 0-1: Called Strike 0-2: Ball 1-2: Ball 2-2: Strikes out looking
|
Top of the 5th over - 0 runs, 1 hit, 0 errors, 1 left on base; Purdue 0 - Virginia Tech 1 |
BOTTOM OF THE 5TH |
Virginia Tech Hokies batting - Pitching for Purdue Boilermakers : RHP Jack Bowers
|
Batting: SHB Daniel Lee
|
0-0: Called Strike 0-1: Foul Ball, location: 2F 0-2: Ball 1-2: Strikes out looking
|
Pitching: RHP Kel Phillips
|
|
Batting: RHB Eric Clay
|
0-0: Foul Ball, location: 2F 0-1: Called Strike 0-2: Ball 1-2: Foul Ball, location: 2F 1-2: Strikes out looking
|
Batting: LHB David Ortega
|
0-0: Ball 1-0: Ball 2-0: Called Strike 2-1: Swinging Strike 2-2: SINGLE (Line Drive, 9LS)
|
Batting: RHB Dusty Green
|
0-0: Ball 1-0: Fly out, F2 (Popup, 23F)
|
Bottom of the 5th over - 0 runs, 1 hit, 0 errors, 1 left on base; Purdue 0 - Virginia Tech 1 |
TOP OF THE 6TH |
Purdue Boilermakers batting - Pitching for Virginia Tech Hokies : RHP Gary Thompson
|
Batting: SHB Bryan Atkins
|
0-0: Called Strike 0-1: Called Strike 0-2: Ground out 4-3 (Groundball, 4)
|
Batting: RHB Reggie Calhoun
|
0-0: Ball 1-0: Ball 2-0: Foul Ball, location: 2F 2-1: Ground out 6-3 (Groundball, 6)
|
Batting: RHB Ryan Carpenter
|
0-0: SINGLE (Line Drive, 9S)
|
Pitching: RHP Mike Giles
|
|
Batting: LHB Danny Powell
|
0-0: Called Strike 0-1: Foul Ball, location: 2F 0-2: Ball 1-2: Strikes out swinging
|
Top of the 6th over - 0 runs, 1 hit, 0 errors, 1 left on base; Purdue 0 - Virginia Tech 1 |
BOTTOM OF THE 6TH |
Virginia Tech Hokies batting - Pitching for Purdue Boilermakers : RHP Kel Phillips
|
Batting: LHB Ben Webb
|
0-0: Ground out 4-3 (Groundball, 4)
|
Batting: RHB Ted Stout
|
0-0: Foul Ball, location: 2F 0-1: Called Strike 0-2: Ball 1-2: Foul Ball, location: 2F 1-2: Strikes out swinging
|
Batting: RHB Luke McCallum
|
0-0: Called Strike 0-1: Foul Ball, location: 2F 0-2: Foul Ball, location: 2F 0-2: Strikes out swinging
|
Bottom of the 6th over - 0 runs, 0 hits, 0 errors, 0 left on base; Purdue 0 - Virginia Tech 1 |
TOP OF THE 7TH |
Purdue Boilermakers batting - Pitching for Virginia Tech Hokies : RHP Mike Giles
|
Batting: SHB Guy Chávez
|
0-0: Ball 1-0: Swinging Strike 1-1: Called Strike 1-2: Ball 2-2: Ball 3-2: Foul Ball, location: 2F 3-2: Ground out 4-3 (Groundball, 4)
|
Batting: RHB Dan Osborne
|
0-0: Fly out, F4 (Popup, 4M)
|
Batting: LHB Bryan King
|
0-0: Ball 1-0: Called Strike 1-1: Foul Ball, location: 2F 1-2: Ball 2-2: Ball 3-2: Strikes out swinging
|
Top of the 7th over - 0 runs, 0 hits, 0 errors, 0 left on base; Purdue 0 - Virginia Tech 1 |
BOTTOM OF THE 7TH |
Virginia Tech Hokies batting - Pitching for Purdue Boilermakers : RHP Kel Phillips
|
Batting: RHB Tim Wise
|
0-0: Swinging Strike 0-1: Fly out, F7 (Line Drive, 7)
|
Batting: RHB Octávio Ramérez
|
0-0: Ball 1-0: Foul Ball, location: 2F 1-1: Fly out, F6 (Line Drive, 6)
|
Batting: SHB Daniel Lee
|
0-0: Ball 1-0: Ball 2-0: Ball 3-0: Base on Balls
|
Batting: RHB Eric Clay
|
0-0: Foul Ball, location: 2F 0-1: Ball 1-1: Foul Ball, location: 2F 1-2: Ball 2-2: SINGLE (Groundball, 56D) Daniel Lee to second
|
Batting: LHB David Ortega
|
0-0: Ball 1-0: Ball 2-0: Ball 3-0: Base on Balls Daniel Lee to third Eric Clay to second
|
Batting: RHB Dusty Green
|
0-0: Ball 1-0: Foul Ball, location: 2F 1-1: Foul Ball, location: 2F 1-2: Fielders Choice at 2nd, U6 (Groundball, 6M)
|
Bottom of the 7th over - 0 runs, 1 hit, 0 errors, 3 left on base; Purdue 0 - Virginia Tech 1 |
TOP OF THE 8TH |
Purdue Boilermakers batting - Pitching for Virginia Tech Hokies : RHP Mike Giles
|
Batting: RHB Aaron Baker
|
0-0: Swinging Strike 0-1: Ball 1-1: Called Strike 1-2: Ball 2-2: Strikes out looking
|
Batting: RHB Mark Jordan
|
0-0: Foul Ball, location: 2F 0-1: Ball 1-1: Ball 2-1: Ball 3-1: Foul Ball, location: 2F 3-2: Foul Ball, location: 2F 3-2: Strikes out looking
|
Batting: SHB Bryan Atkins
|
0-0: Ball 1-0: Ball 2-0: Called Strike 2-1: Ball 3-1: Ground out 4-3 (Groundball, 34)
|
Top of the 8th over - 0 runs, 0 hits, 0 errors, 0 left on base; Purdue 0 - Virginia Tech 1 |
BOTTOM OF THE 8TH |
Virginia Tech Hokies batting - Pitching for Purdue Boilermakers : RHP Kel Phillips
|
Batting: LHB Ben Webb
|
0-0: Swinging Strike 0-1: Ground out 5-3 (Groundball, 56S)
|
Batting: RHB Ted Stout
|
0-0: Ball 1-0: Ground out 1-3 (Groundball, 15)
|
Batting: RHB Luke McCallum
|
0-0: Ball 1-0: SINGLE (Line Drive, 78S)
|
Pinch Hitting: RHB Elliott Short
|
0-0: Swinging Strike 0-1: Ball 1-1: Ball 2-1: Fly out, F9 (Flyball, 89S)
|
Bottom of the 8th over - 0 runs, 1 hit, 0 errors, 1 left on base; Purdue 0 - Virginia Tech 1 |
TOP OF THE 9TH |
Purdue Boilermakers batting - Pitching for Virginia Tech Hokies : RHP Mike Giles
|
Now at 3B: Rick Bascombe
|
|
Batting: RHB Reggie Calhoun
|
0-0: Foul Ball, location: 2F 0-1: SINGLE (Popup, 3D)
|
Batting: RHB Ryan Carpenter
|
0-0: Ball 1-0: Called Strike 1-1: Ball 2-1: Called Strike 2-2: Foul Ball, location: 2F 2-2: Ball 3-2: Foul Ball, location: 2F 3-2: Ground out 4-3 (Groundball, 34S) Reggie Calhoun to second
|
Batting: LHB Danny Powell
|
0-0: Ball
|
|
|
|
1-0: Ball 2-0: Ball 3-0: Called Strike 3-1: Base on Balls
|
Pitching: RHP Ed Velásquez
|
|
Batting: SHB Guy Chávez
|
0-0: Ball 1-0: Hit by Pitch Reggie Calhoun to third Danny Powell to second
|
Batting: RHB Dan Osborne
|
0-0: Called Strike 0-1: Ball 1-1: GRAND SLAM HOME RUN (Line Drive, 8RXD), Distance : 392 ft
|
Batting: LHB Bryan King
|
0-0: Called Strike 0-1: Foul Ball, location: 2F 0-2: Ball 1-2: Ball 2-2: Foul Ball, location: 2F 2-2: SINGLE (Groundball, 3D)
|
Batting: RHB Aaron Baker
|
0-0: Called Strike 0-1: Ball 1-1: Ball 2-1: Foul Ball, location: 2F 2-2: Ball 3-2: Strikes out swinging
|
Batting: RHB Mark Jordan
|
0-0: SINGLE (Line Drive, 9LS) Bryan King to second
|
Batting: SHB Bryan Atkins
|
0-0: Ball 1-0: Called Strike 1-1: Ball 2-1: Called Strike 2-2: Foul Ball, location: 2F 2-2: Strikes out swinging
|
Top of the 9th over - 4 runs, 4 hits, 0 errors, 2 left on base; Purdue 4 - Virginia Tech 1 |
BOTTOM OF THE 9TH |
Virginia Tech Hokies batting - Pitching for Purdue Boilermakers : RHP Kel Phillips
|
Now at SS: Bob Colbert
|
|
Batting: RHB Octávio Ramérez
|
0-0: Ball 1-0: Foul Ball, location: 2F 1-1: Foul Ball, location: 2F 1-2: Ball 2-2: Ball 3-2: Base on Balls
|
Pitching: RHP Ken Gardner
|
|
Batting: SHB Daniel Lee
|
0-0: Ball 1-0: Ball 2-0: Swinging Strike 2-1: Foul Ball, location: 2F 2-2: Foul Ball, location: 2F 2-2: Strikes out swinging
|
Batting: RHB Eric Clay
|
0-0: Ball 1-0: Called Strike 1-1: Ball 2-1: SINGLE (Groundball, 4MD) Octávio Ramérez to second
|
Batting: LHB David Ortega
|
0-0: Called Strike 0-1: Ball 1-1: Ball 2-1: Foul Ball, location: 2F 2-2: Ball 3-2: SINGLE (Groundball, 6D) Octávio Ramérez to third Eric Clay to second
|
Batting: RHB Dusty Green
|
0-0: Ball 1-0: Ball 2-0: Ball 3-0: Base on Balls Octávio Ramérez scores Eric Clay to third David Ortega to second
|
Batting: LHB Ben Webb
|
0-0: Swinging Strike 0-1: Foul Ball, location: 2F 0-2: Ball 1-2: SINGLE (Line Drive, 9LS) Eric Clay scores David Ortega to third Dusty Green to second Runner from 3rd tries for Home, SAFE, throw made home
|
Pinch Runner at 2nd Jake Holmes:
|
|
Batting: RHB Ted Stout
|
0-0: Ball 1-0: Called Strike 1-1: SINGLE (Groundball, 56D) Jake Holmes to third Ben Webb to second
|
Batting: RHB Luke McCallum
|
0-0: Foul Ball, location: 2F 0-1: Swinging Strike 0-2: Foul Ball, location: 2F 0-2: Ball 1-2: Foul Ball, location: 2F 1-2: Foul Ball, location: 2F 1-2: Fly out, F4 (Popup, 23)
|
Batting: RHB Rick Bascombe
|
0-0: Swinging Strike 0-1: Ball 1-1: Fielders Choice at 2nd, 6-4 (Groundball, 6)
|
Bottom of the 9th over - 3 runs, 4 hits, 0 errors, 3 left on base; Purdue 4 - Virginia Tech 4 |
TOP OF THE 10TH |
Purdue Boilermakers batting - Pitching for Virginia Tech Hokies : RHP Ed Velásquez
|
Pitching: RHP Bill Dickerson
|
|
Now at 2B: Jake Holmes
|
|
Batting: RHB Reggie Calhoun
|
0-0: Swinging Strike 0-1: Ball 1-1: Foul Ball, location: 2F 1-2: Ball 2-2: Foul Ball, location: 2F 2-2: Ball 3-2: Strikes out swinging
|
Batting: RHB Ryan Carpenter
|
0-0: Ball 1-0: Ball 2-0: Foul Ball, location: 2F 2-1: Foul Ball, location: 2F 2-2: Strikes out swinging
|
Batting: RHB Bob Colbert
|
0-0: Called Strike 0-1: Ball 1-1: Ball 2-1: Ball 3-1: Base on Balls
|
Batting: SHB Guy Chávez
|
0-0: Called Strike 0-1: Fly out, F7 (Flyball, 78D)
|
Top of the 10th over - 0 runs, 0 hits, 0 errors, 1 left on base; Purdue 4 - Virginia Tech 4 |
BOTTOM OF THE 10TH |
Virginia Tech Hokies batting - Pitching for Purdue Boilermakers : RHP Ken Gardner
|
Pitching: RHP Ken Jones
|
|
Batting: RHB Octávio Ramérez
|
0-0: Ball 1-0: Foul Ball, location: 2F 1-1: Fly out, F9 (Flyball, 9LD)
|
Batting: SHB Daniel Lee
|
0-0: Called Strike 0-1: Called Strike 0-2: Ball 1-2: Ball 2-2: Foul Ball, location: 2F 2-2: Ground out 4-3 (Groundball, 4)
|
Batting: RHB Eric Clay
|
0-0: Ball 1-0: DOUBLE (Groundball, 5L)
|
Batting: LHB David Ortega
|
0-0: Foul Ball, location: 2F 0-1: Ball 1-1: Ground out 6-3 (Groundball, 56)
|
Bottom of the 10th over - 0 runs, 1 hit, 0 errors, 1 left on base; Purdue 4 - Virginia Tech 4 |
TOP OF THE 11TH |
Purdue Boilermakers batting - Pitching for Virginia Tech Hokies : RHP Bill Dickerson
|
Batting: RHB Dan Osborne
|
0-0: Called Strike 0-1: Swinging Strike 0-2: Ball 1-2: Foul Ball, location: 2F 1-2: Foul Ball, location: 2F 1-2: Ball 2-2: Ball 3-2: Foul Ball, location: 2F 3-2: SOLO HOME RUN (Flyball, 7LD), Distance : 340 ft
|
Batting: LHB Bryan King
|
0-0: Called Strike 0-1: DOUBLE (Flyball, 89D)
|
Batting: RHB Aaron Baker
|
0-0: Ball 1-0: Called Strike 1-1: Ball 2-1: Called Strike 2-2: Fly out, F4 (Line Drive, 4)
|
Batting: RHB Mark Jordan
|
0-0: Ground out 4-3 (Groundball, 4M) Bryan King to third
|
Batting: SHB Bryan Atkins
|
0-0: Ball 1-0: Ball 2-0: Called Strike 2-1: Ball 3-1: Base on Balls
|
Batting: RHB Reggie Calhoun
|
0-0: Fly out, F8 (Flyball, 8LM)
|
Top of the 11th over - 1 run, 2 hits, 0 errors, 2 left on base; Purdue 5 - Virginia Tech 4 |
BOTTOM OF THE 11TH |
Virginia Tech Hokies batting - Pitching for Purdue Boilermakers : RHP Ken Jones
|
Batting: RHB Jake Holmes
|
0-0: Called Strike 0-1: Ground out 4-3 (Groundball, 4)
|
Batting: LHB Ben Webb
|
0-0: Called Strike 0-1: Ball 1-1: Foul Ball, location: 2F 1-2: Foul Ball, location: 2F 1-2: Ball 2-2: Ball 3-2: Fly out, F7 (Flyball, 78D)
|
Batting: RHB Ted Stout
|
0-0: SINGLE (Line Drive, 6)
|
Batting: RHB Luke McCallum
|
0-0: Called Strike 0-1: Ball 1-1: Swinging Strike 1-2: Strikes out swinging
|
Bottom of the 11th over - 0 runs, 1 hit, 0 errors, 1 left on base; Purdue 5 - Virginia Tech 4 |
|
Saturday, April 7th, 2018 - OOTP Baseball 18.8 Build 76
|
|